 Dungeon Crawl Stone Soup version 0.29-a0-557-g43b9904bd1 (webtiles) character file.

Game seed: 910208286610756094

45 avis the Shooter (level 3, 0/29 HPs)
             Began as a Demigod Hunter on June 8, 2022.
             Slain by an orc wizard
             ... wielding a +0 dagger
              (2 damage)
             ... on level 2 of the Dungeon.
             The game lasted 00:05:56 (1515 turns).

avis the Shooter (Demigod Hunter)                   Turns: 1515, Time: 00:05:56

Health: 0/29       AC:  3    Str: 12    XL:     3   Next: 25%
Magic:  5/5        EV: 12    Int: 11    God:
Gold:   119        SH:  0    Dex: 21    Spells: 2/2 levels left

rFire   . . .      SeeInvis .   b - +0 hand axe (elec)
rCold   . . .      Faith    .   (no shield)
rNeg    . . .      Spirit   .   i - +0 leather armour
rPois   .          Reflect  .   (no helmet)
rElec   .          Harm     .   (no cloak)
rCorr   .          Rampage  .   (no gloves)
Will    .....                   (no boots)
Stlth   ++........              (no amulet)
HPRegen 0.09/turn               (no ring)
MPRegen 0.09/turn               (no ring)

@: no status effects
A: high MP 1, forlorn, divine attributes
a: no special abilities


You were on level 2 of the Dungeon.
You visited 1 branch of the dungeon, and saw 3 of its levels.

You collected 119 gold pieces.

Inventory:

Hand Weapons
 a - a +1 shortbow
 b - a +0 hand axe of electrocution (weapon)
 r - a +0 short sword
Armour
 g - a +0 kite shield
 i - a +0 leather armour (worn)
 j - a +0 ring mail
 l - a +0 tower shield
Magical Staves
 k - a staff of air
Scrolls
 c - a scroll of immolation
 d - 5 scrolls of identify {unknown}
 e - a scroll of blinking {unknown}
 h - a scroll of magic mapping {unknown}
 o - a scroll of teleportation {unknown}
 p - a scroll of silence {unknown}
Potions
 f - 3 potions of curing {unknown}
 m - a potion of might {unknown}
 n - a potion of brilliance {unknown}
 q - a potion of heal wounds {unknown}
 s - a potion of flight {unknown}


   Skills:
 - Level 1.7 Fighting
 * Level 4.8 Bows
 - Level 1.7 Dodging
 - Level 0.8 Stealth


You had 2 spell levels left.
You didn't know any spells.
Your spell library contained the following spells:

 Spells                   Type           Power      Damage    Failure   Level
 Magic Dart               Conj           0%         1d3       41%         1
 Searing Ray              Conj           0%         2d4       56%         2
 Fulminant Prism          Conj/Hex       0%         3d6       99%         4


Dungeon Overview and Level Annotations

Branches:
Dungeon (3/15)


Innate Abilities, Weirdness & Mutations

You have an increased reservoir of magic. (+10% MP)
You shall have no god before yourself.
Your divine heritage dramatically boosts your attributes as you level up.


Message History

You are confused.
The orc wizard misses you.
You bump into the rock wall.
The orc wizard completely misses you.
The orc wizard hits you with a +0 dagger.
You bump into the rock wall.
The orc wizard hits you with a +0 dagger.
You bump into the rock wall.
The orc wizard hits you with a +0 dagger.
You closely miss the orc wizard.
The orc wizard is heavily wounded.
You feel less confused. The orc wizard closely misses you.
You hit the orc wizard but do no damage.
The orc wizard is heavily wounded.
The orc wizard points at you and mumbles some strange words.
The magic dart hits you!
You closely miss the orc wizard.
The orc wizard is heavily wounded.
The orc wizard hits you but does no damage.
The orc wizard barely misses you.
You hit the orc wizard.
The orc wizard is severely wounded.
The orc wizard hits you but does no damage.
You barely miss the orc wizard.
The orc wizard is severely wounded.
The orc wizard gestures wildly while chanting.
The orc wizard flickers and vanishes!
Deactivating autopickup; reactivate with Ctrl-A.
You barely miss something.
You hear some strange, mumbled words.
A puff of flame appears from out of thin air!
The puff of flame hits you.
You miss something. Something hits you.
* * * LOW HITPOINT WARNING * * *
Something hits you.
* * * LOW HITPOINT WARNING * * *
You hit something. Something hits you.
* * * LOW HITPOINT WARNING * * *
You closely miss something. Something hits you.
You die...

#.....# #.# #.#.# #.#
#..<..# #.####.#.####.#
#.....# #.#...........#
###.###
##..#.##..##.... #.#
#..###....##.### #.#
#.....##.###.# ##.##
##...#.##.# #.#
#...#####>..###.#.###.#
#.#.....@{..# ##......#
#...#####...###.#######
##### ###..#.## #.#.##
#.#.# #######
#.#.###.....#
#....##.###.# #.......#
#.###
########....##.###.##.


There were no monsters in sight!

Vanquished Creatures
  2 worms (D:2)
  A dart slug (D:1)
  3 ball pythons
  5 endoplasms
  2 giant cockroaches
  A goblin (D:1)
  2 hobgoblins (D:1)
  2 jackals (D:1)
  A kobold (D:2)
  A quokka (D:2)
  7 bats
  3 frilled lizards (D:1)
  3 rats (D:1)
33 creatures vanquished.

Notes
Turn   | Place    | Note
-------+----------+-------------------------------------------
     0 | D:1      | avis the Demigod Hunter began the quest for the Orb.
     0 | D:1      | Reached XP level 1. HP: 17/17 MP: 3/3
   219 | D:1      | Reached skill level 4 in Bows
   315 | D:1      | Reached XP level 2. HP: 24/24 MP: 4/4
   960 | D:2      | Reached XP level 3. HP: 29/29 MP: 5/5
  1515 | D:2      | Slain by an orc wizard

Illustrated notes

Levels and vault maps discovered:
D:1:      lightli_arrival_farm, layout_basic, minmay_heptomino_h4
D:2:      layout_loops_ring, shapermc_ecumenical_altar_venn
D:3:      layout_basic, minmay_misc_feat_more_columns

Skill      XL: |  1 |
---------------+----+-----
Bows           | 4 |  4.8
Fighting       | |  1.7
Dodging        | |  1.7
Stealth        | |  0.8

Action                   || total
-------------------------++-------
Melee: Hand axe          ||    11
 Fire: Shortbow          ||    81
Armor: Leather armour    ||    22
Dodge: Dodged            ||    22

Table legend: (Time is in decaauts)
 A = Elapsed time spent in this place.
 B = Non-inter-level travel time spent in this place.
 C = Inter-level travel time spent in this place.
 D = Time resting spent in this place.
 E = Time spent auto-exploring this place.
 F = Levels seen in this place.
 G = Mean time per level.
                   A        B        C        D        E       F      G
               +--------+--------+--------+--------+--------+-----+--------+
         Total |   1566 |   1363 |    203 |     76 |    947 |   3 |  522.0 |
       Dungeon |   1566 |   1363 |    203 |     76 |    947 |   3 |  522.0 |
               +--------+--------+--------+--------+--------+-----+--------+

Top non-repeatable levels by time:
     D:1: 793 daAuts
     D:2: 748 daAuts
     D:3: 24 daAuts
